 Dungeon Crawl Stone Soup version 0.27.0-65-ge2af304b15 (webtiles) character file.

Game seed: 224779125263895480

85 VictoriousLee the Poker (level 4, -6/33 HPs)
             Began as a Merfolk Gladiator on Aug 18, 2021.
             Mangled by Sigmund (10 damage)
             ... on level 3 of the Dungeon.
             The game lasted 00:11:55 (2104 turns).

VictoriousLee the Poker (Merfolk Gladiator)         Turns: 2104, Time: 00:11:55

Health: -6/33      AC:  6    Str: 15    XL:     4   Next: 48%
Magic:  4/4        EV: 12    Int:  7    God:
Gold:   181        SH:  0    Dex: 15    Spells: 3/3 levels left

rFire    . . .     SeeInvis .   a - +0 trident
rCold    . . .     Faith    .   (no shield)
rNeg     . . .     Spirit   .   p - +0 ring mail
rPois    .         Reflect  .   c - +0 helmet
rElec    .         Harm     .   (no cloak)
rCorr    .         Rampage  .   (no gloves)
Will     .....                  (no boots)
Stlth    +.........             (no amulet)
HPRegen  1.11/turn              (no ring)
MPRegen  0.09/turn              (no ring)

@: no status effects
A: (nimble swimmer 2), mertail, regeneration 1, screaming 1
a: no special abilities


You were on level 3 of the Dungeon.
You visited 1 branch of the dungeon, and saw 3 of its levels.

You collected 181 gold pieces.

Inventory:

Hand Weapons
 a - a +0 trident (weapon)
 n - a +1 short sword of draining
 s - a +0 hand crossbow
 w - a +2 dagger of speed
Missiles
 d - 3 throwing nets (quivered)
 j - 20 poisoned darts
 u - 13 arrows
 x - 7 boomerangs
Armour
 b - a +0 leather armour
 c - a +0 helmet (worn)
 o - a +0 chain mail
 p - a +0 ring mail (worn)
Jewellery
 f - an amulet of faith
Wands
 v - a wand of flame (12)
Scrolls
 e - a scroll of torment {unknown}
 g - 3 scrolls of identify {unknown}
 m - a scroll of enchant weapon {unknown}
 r - a scroll of teleportation {unknown}
 y - a scroll of blinking {unknown}
Potions
 k - a potion of curing {unknown}
 l - a potion of flight {unknown}
 q - a potion of mutation
 t - 2 potions of magic {unknown}


   Skills:
 - Level 2.1 Fighting
 + Level 7.5 Polearms
 - Level 2.0 Throwing
 - Level 4.0 Dodging


You had 3 spell levels left.
You didn't know any spells.
Your spell library contained the following spells:

 Spells                   Type           Power      Damage    Failure   Level
 Summon Forest            Summ/Tloc      0%         N/A       100%        5
 Eringya's Noxious Bog    Tmut/Pois      0%         N/A       100%        6
 Summon Hydra             Summ           0%         N/A       100%        7


Dungeon Overview and Level Annotations

Branches:
Dungeon (3/15)

Altars:
Elyvilon

Shops:
D:2 [

Annotations:
D:3 Sigmund


Innate Abilities, Weirdness & Mutations

((You are quick and stealthy near water. (Stealth+, EV+, Speed+++)))
Your lower body shifts to a powerful aquatic tail in water.
Your natural rate of healing is unusually fast.
You occasionally shout uncontrollably at your foes.


Message History

You feel sick. The adder barely misses you.
Your ring mail prevents you from hitting the adder.
The adder is severely wounded.
The adder bites you. The adder barely misses you.
You barely miss the adder.
The adder is severely wounded.
You feel sick. The adder closely misses you.
You barely miss the adder.
The adder is severely wounded.
You feel sick.
You are no longer poisoned.
The adder bites you but does no damage.
You hit the adder but do no damage.
The adder is severely wounded.
The adder bites you but does no damage.
You hit the adder.
The adder is almost dead.
The adder bites you.
You puncture the adder!
You kill the adder!
You hit Sigmund.
Sigmund is lightly wounded.
Sigmund mumbles some strange words.
Sigmund flickers and vanishes!
Deactivating autopickup; reactivate with Ctrl-A.
You closely miss something. You barely miss something. Something hits you.
You puncture something! Something hits you but does no damage.
It was a potion of mutation.
You feel extremely strange.
You begin to heal more quickly.
You feel the urge to shout. Something hits you.
Okay, then.
You puncture something! Something hits you!
You hit something. Something hits you.
You barely miss something. Something hits you but does no damage.
You closely miss something. Something hits you but does no damage.
You closely miss something. Something hits you!
* * * LOW HITPOINT WARNING * * *
It was a potion of cancellation.
You feel magically purged. Something hits you!
You die...

#.##.##..........##.
#.##.##...##......#.
#................#.. ##
####..#..#######....
...#####.....#.....#....
#......#.##.#.....#)###
###.####.#.##.#.._..'.#
#.....#..#....#.....#.#
#.#..#@####.#.....#.#
#...###{# #.#######.#
###.###..#.##
#.........# ....S...#@##
####.....## ..#.##..#.#
#####...#####
#..#..###...........##
#..........<.........#
#@###.###............#
#. .# ###.#...#.##.#


There were no monsters in sight!

Vanquished Creatures
  A gnoll (D:1)
  An adder (D:3)
  2 worms (D:2)
  2 dart slugs
  5 bats
  6 endoplasms
  3 giant cockroaches
  5 goblins (D:3)
  10 hobgoblins
  2 jackals (D:1)
  4 kobolds
  A quokka (D:1)
  2 ball pythons (D:2)
  4 frilled lizards
  5 rats
53 creatures vanquished.

Notes
Turn   | Place    | Note
-------+----------+-------------------------------------------
     0 | D:1      | VictoriousLee the Merfolk Gladiator began the quest for the
                  | Orb.
     0 | D:1      | Reached XP level 1. HP: 16/16 MP: 1/1
   244 | D:1      | Reached skill level 5 in Polearms
   244 | D:1      | Reached XP level 2. HP: 11/22 MP: 2/2
   483 | D:1      | Found a faded altar of an unknown god.
   551 | D:1      | Reached skill level 6 in Polearms
   551 | D:1      | Reached XP level 3. HP: 27/27 MP: 3/3
  1051 | D:2      | Found Kiyned's Antique Armour Emporium.
  1638 | D:3      | Reached XP level 4. HP: 27/33 MP: 4/4
  1747 | D:3      | Reached skill level 7 in Polearms
  1956 | D:3      | Found a white marble altar of Elyvilon.
  2076 | D:3      | Noticed Sigmund
  2098 | D:3      | Gained mutation: Your natural rate of healing is unusually
                  | fast. [potion of mutation]
  2098 | D:3      | Gained mutation: You occasionally shout uncontrollably at
                  | your foes. [potion of mutation]
  2104 | D:3      | Mangled by Sigmund

Illustrated notes

Levels and vault maps discovered:
D:1:      minmay_arrival_five_plusses, layout_loops_ring,
          ebering_ecumenical_altar_hall, minmay_misc_feat_five,
          minmay_liquid_box
D:2:      layout_loops_ring, serial_shops, nicolae_shop_waterfront,
          serial_park_tiny_1
D:3:      layout_loops_cross, amcnicky_altar_gilded, uniq_sigmund

Skill      XL: |  1  2  3  4 |
---------------+-------------+-----
Polearms       | 5 6 7 |  7.5
Fighting       | |  2.1
Throwing       | |  2.0
Dodging        | |  4.0

Action                   |  1- 3 |  4- 6 || total
-------------------------+-------+-------++-------
Melee: Trident           |   102 |    56 ||   158
  Use: Potion            |       |     3 ||     3
 Stab: Sleeping          |     1 |       ||     1
Armor: Leather armour    |    12 |       ||    12
       Ring mail         |     4 |    15 ||    19
Dodge: Dodged            |    32 |    16 ||    48
